CorruptionsAndSegfaults, neutral female scurrid Tourist }}}}}}}}}}}}}}}}}}}}}}}}}}}}}}}}}}}}}}}}}}}}}}}}}}}}}}}}}}}}}}}}}}}}}}}}}}} }}}}}}}}}}}}}}}}}}}}}}}}}}}}}}}}}}}}}}}}}}}}}}}}}}}}}}}}}}}}}}}}}}}}}}}}}}} }}}}}}}}}.}}}}}}.....}}}}}}}}}}}}}}}}}}}}}}}}}}}}}}}}}}}}}}}}}}`}}}}}}}}}}} }}}}}}}....}}}}}....}}}}}}}}}}}}}}}}}}}}}}}}}}}}}}}}}}}}}}}}....`.......}}} }`..}}}}}}}}}}}....}}}..}}}}}}}}}}}}}}}}}}}}}}}}}}}}}}}}}}^}}}}...%}}}}..}} }.^.}}}}}}}}}}....}}}}..}}}}}}}}*}}...`...}+}}}}}}}}}}}}}}}}}}}}}..}}}}..}} }...}}}}}}}}}}}}}}}}}}}}}}}}}}----------------- }}}}}../....}} }...}}}}}}}}}}}}}}}}}}}}}}}}}.| ^ }....}}}}}...}}}}}}}}}}}}}}...- ----+---- }.....}}}}}.}}}}}}}}}}}}}}}.......|..@....| }....}}}}}}}}}}}}}}}}}}}}}}`......|`@..`..| }....}}}}}}}}}}}}}}}}}}}}}}...--------+---- }.....}}}}}}}}}}}}}}}}}}}}}}}.| }......}}}}}}}}`}}}}}}}}}}}}}}- }....<..}}}}}}}...}}}}}}}}}}}}}} }.!...}}}}}}}}}}.....}}}}}}}}}}}}}} }}..}}}}}}}}}}}}}....}}}}}}}}}}}}}}}}}} }}}}}}}}}}}}}}}}}....}}}}}}}}}}}}}}}}}}}}} }}}}}}}}}}}}}}}}}}}}}}}}}}}}}}}}}}}}}}}}}}}}} }}}}}}}}}}}}}}}}}}}}}}}}}}}}}}}}}}}}}}}}}}}}}}}}} CorruptionsAndSegfaults the Sightseer Experience level: 3 Strength: 15 Dexterity: 14 Constitution: 14 Intelligence: 12 Wisdom: 8 Charisma: 12 Health: 9(24) Energy: 10(10) Def: 3 Gold: 1937 Moves: 165 Dungeon seed: wxw6zGWBJuuYeUc6 Game ID: CorruptionsAndSegfaults_1498498664 Your Inventory: Coins $ - 1937 gold pieces Weapons a - 35 uncursed +2 darts (in quiver) Armor e - an uncursed +0 Hawaiian shirt (being worn) q - an uncursed -1 scale mail (being worn) Comestibles b - an uncursed clove of garlic c - an uncursed fortune cookie d - 5 uncursed food rations f - an uncursed chestnut g - 2 uncursed tripe rations h - an uncursed lembas wafer Scrolls j - 3 uncursed scrolls of magic mapping Potions i - 2 uncursed potions of extra healing Wands m - an uncursed wand of secret door detection (0:15) u - an uncursed wand of cancellation (1:8) Tools k - an uncursed expensive camera (0:61) l - an uncursed credit card n - an uncursed oil lamp (0:1376) Spells and supernatural/magical abilities: Name Level Category Fail Memory W - pray for help -- divine ? -- Your skills at the end: Miscellaneous Skills wands [Basic] stealth [Skilled] Weapon Skills dart [Basic] Spellcasting Skills Final Attributes: You were devoutly aligned. Your writing paw was ok. You had infravision. You were very stealthy. You are dead. Vanquished creatures: a water nymph a giant bat a goblin 3 creatures vanquished. Voluntary challenges: You did not adorn yourself with jewelry or accessories. You did not cause conflict. You were not invisible. You did not have reflection. You were not displaced. You were an atheist. You never hit with a wielded weapon. You did not use tools. You did not use plumbed fixtures. You read items or engraved 5 times, starting on turn 31. You never genocided any monsters. You never polymorphed an object. You never changed form. You used no wishes. You never split a pudding. You never wrote Elbereth's name. You never violated your personal moral code. Dungeon overview: The Dungeons of Doom: levels 1 to 24 Level 1 a long staircase Level 2 a general store Level 3 Level 4 Level 5 Level 6 Level 7 Level 8 Level 9 Level 10 Level 11 Level 12 Level 13 Level 14 Level 15 Level 16 Level 17 Level 18 Level 19 Level 20 Level 21 Level 22 Level 23 <- You were here Level 24 History has recorded: On T:1 you entered the Dungeons of Doom to retrieve the Amulet of Yendor! On T:4 you reached level 2 of The Dungeons of Doom. On T:8 you reached level 3 of The Dungeons of Doom. On T:10 you reached level 4 of The Dungeons of Doom. On T:14 you reached level 5 of The Dungeons of Doom. On T:16 you reached level 6 of The Dungeons of Doom. On T:19 you reached level 7 of The Dungeons of Doom. On T:34 you reached level 8 of The Dungeons of Doom. On T:38 you advanced to experience level 2. On T:49 you reached level 9 of The Dungeons of Doom. On T:51 you reached level 10 of The Dungeons of Doom. On T:57 you reached level 11 of The Dungeons of Doom. On T:64 you reached level 12 of The Dungeons of Doom. On T:66 you reached level 13 of The Dungeons of Doom. On T:68 you reached level 14 of The Dungeons of Doom. On T:71 you reached level 15 of The Dungeons of Doom. On T:71 you entered the Rogue tribute level. On T:73 you reached level 16 of The Dungeons of Doom. On T:76 you reached level 17 of The Dungeons of Doom. On T:78 you reached level 18 of The Dungeons of Doom. On T:80 you reached level 19 of The Dungeons of Doom. On T:82 you reached level 20 of The Dungeons of Doom. On T:85 you reached level 21 of The Dungeons of Doom. On T:87 you reached level 22 of The Dungeons of Doom. On T:89 you reached level 23 of The Dungeons of Doom. On T:94 you reached level 24 of The Dungeons of Doom. On T:122 you advanced to experience level 3. Score breakdown: Gold: 1055 ( 105 points) Experience: 3 levels ( 200 points) Exploration: 24 levels ( 690 points) Discoveries: 5 items ( 250 points) Variety of kills: 3 monsters ( 150 points) Major goal: (nothing yet) ( 0 points) Survival: died (score multiplied by 3) Total score: 4185 Latest messages: Please move the cursor to an unknown object. Done. You start chewing a hole in the rock. You continue digging. You make an opening in the wall. A bear trap closes on your foot! You are caught in a bear trap. $ - 273 gold pieces. You start chewing a hole in the rock. You continue digging. You make an opening in the wall. You start chewing a hole in the rock. You continue digging. You succeed in cutting away some rock. You start chewing a hole in the rock. You continue digging. You chew a hole in the wall. There is a staircase down here. You see here a statue of a knight named Perseus. You meet Medusa's gaze. You turn to stone... Final status: Aloha CorruptionsAndSegfaults the Tourist, petrified by catching the eye of Medusa... You turned to stone in The Dungeons of Doom on dungeon level 23 with 4185 points, and 1937 pieces of gold, after 165 moves. You were level 3 with a maximum of 24 hit points when you turned to stone.